 Dungeon Sprint DCSS version 0.31-a0-743-g45f7035092 (webtiles) character file.

Game seed: 4717159997166274589

26855 sircluck the Brawler (level 13, -1/234 HPs)
             Began as a Troll Berserker on Sept 12, 2023.
             Was the Champion of Trog.
             Shot with an arrow by a vampire knight (15 damage)
             ... in the Dungeon (Sprint VII: "The Pits").
             The game lasted 00:09:54 (2972 turns).

sircluck the Brawler (Troll Berserker)              Turns: 2972, Time: 00:09:55

Health: -1/234     AC:  5    Str: 36    XL:     13   Next: 1%
Magic:  12/12      EV: 16    Int:  3    God:    Trog [******]
Gold:   25         SH:  5    Dex: 12    Spells: 12/12 levels left

rFire   . .          .
                       - Unarmed
rCold   . . .        (no shield)
rNeg    . . .        y - +0 robe "Luaxeonwa" {rElec Str+4}
rPois   .            u - +1 hat
rElec   +            (no cloak)
rCorr   +            (gloves unavailable)
SInv    .            (boots unavailable)
Will    .....        t - amulet of reflection Stlth
                     k - +3 ring of dexterity
HPRegen 1.39/turn    x - ring "Ful Piqumy" {Drain rElec rCorr Slay+4}
MPRegen 0.13/turn

%: no teleportation, reflection
@: berserking, lethally poisoned (-1 -> -33), very quick
A: large, unfitting armour, claws 3, regeneration 1, shaggy fur 1, tough skin 1
a: Renounce Religion, Berserk, Trog's Hand, Brothers in Arms


You were in the Dungeon.
You worshipped Trog.
Trog was exalted by your worship.
You visited 1 branch You collected 25 gold pieces.

Inventory:

Armour
 a - a +0 animal skin
 u - a +1 hat (worn)
 y - the +0 robe "Luaxeonwa" (worn) {rElec Str+4}
   (You found it in the Dungeon)

   Str+4:     It affects your strength (+4).
   rElec:     It insulates you from electricity.
Jewellery
 k - a +3 ring of dexterity (left claw)
 m - a +3 ring of intelligence
 q - a ring of protection from fire
 s - a ring of willpower
 t - an amulet of reflection (around neck)
 v - a +5 ring of evasion
 x - the ring "Ful Piqumy" (right claw) {Drain rElec rCorr Slay+4}
   (You found it in the Dungeon)

   [ring of slaying]

   Slay+4:    It affects your accuracy & damage with ranged weapons and melee
   (+4).
   rElec:     It insulates you from electricity.
   rCorr:     It protects you from acid and corrosion.
   Drain:     It drains your maximum health when unequipped.
Scrolls
 i - 2 scrolls of vulnerability
 j - a scroll of summoning
 n - a scroll of fog
 o - 2 scrolls of identify
 p - 2 scrolls of enchant weapon
Potions
 b - 7 potions of curing
 c - 2 potions of heal wounds
 d - a potion of haste
 e - 4 potions of magic
 f - 6 potions of berserk rage
 h - 2 potions of invisibility
 l - 4 potions of mutation
 r - a potion of lignification
 w - 2 potions of resistance


   Skills:
 + Level 17.3 Fighting
 + Level 17.1 Dodging
 + Level 20.0 Unarmed Combat


You had 12 spell levels left.
You didn't know any spells.
Your spell library was empty.

Dungeon Overview and Level Annotations

Branches:
Dungeon (1/1)

Altars:
Ashenzari
Cheibriados
Dithmenos
Elyvilon
Fedhas
Gozag
Hepliaklqana
Kikubaaqudgha
Makhleb
Nemelex Xobeh
Okawaru
Qazlal
Ru
Sif Muna
Trog
Uskayaw
Vehumet
Wu Jian
Xom
Yredelemnul
Zin
The Shining One
Jiyva
Lugonu


Innate Abilities, Weirdness & Mutations

You are too large for most types of armour.
You have claws for hands.
Your natural rate of healing is unusually fast.
You are covered in fur. (AC +1)
You have tough skin. (AC +1)


Message History

The vampire knight seems to speed up.
You eviscerate the swamp dragon!!!
You kill the swamp dragon!
Trog accepts your kill.
The swamp dragon scales are intact enough to wear.
You are engulfed in poison gas.
You are more poisoned.
You feel very sick.
Your troll is engulfed in poison gas.
Your troll looks even sicker.
Your Unarmed Combat skill increases to level 20!
You have reached level 13!
Unknown command.
Unknown command.
Unknown command.
You swap places.
You are engulfed in poison gas.
You are more poisoned.
You feel very sick.
The vampire knight unwields a +0 great sword of electrocution.
It stops crackling.
The vampire knight wields a +1 longbow of flaming.
It bursts into flame!
The vampire knight shoots an arrow.
The arrow barely misses your troll. The arrow hits you!!
* * * LOW HITPOINT WARNING * * *
The arrow burns you.
* * * LOW HITPOINT WARNING * * *
Your troll is engulfed in poison gas.
Your troll looks as sick as possible!
Unknown command.
Unknown command.
Unknown command.
Unknown command.
You feel a strong urge to attack something.
You are engulfed in poison gas.
You are more poisoned.
* * * LOW HITPOINT WARNING * * *
You feel extremely sick.
The vampire knight shoots an arrow.
The arrow misses your troll. The arrow hits you!!
* * * LOW HITPOINT WARNING * * *
The arrow burns you!
You die...

#N#..####l'####)'#
#S##..####''####''####### #.#
#..##.†....##)........
############..##.#'##.##)..÷...).
..............##)#†.+.##..#######
..............##.'..#.##..#
###''###########°#.|+S##..#
###''###########.'.)#.##..#
..........##..##@##○#☼##..#
#..#......##..##☼°TV☼○##..#
..........''..##########).#
..........†'..##########..#
#..#......##.)............#
..........##..............#
###''######################
.##''# ######## ##### #########
.##..# ##)..)..###...####..'.....


You could see a vampire knight (fast, ally target) and a friendly troll
(summoned, berserk, extremely poisoned).

Vanquished Creatures
  A bone dragon (D)
  Nessos (D)
  A green death (D)
  2 great orbs of eyes (D)
  2 hydras (D)
  A two-headed ogre (D)
  A death yak (D)
  A boulder beetle (D)
  2 demonic crawlers (D)
  A sun demon (D)
  2 shadow wraiths (D)
  2 sea snakes (D)
  A deep troll (D)
  A swamp dragon (D)
  A bog body (D)
  A deep elf pyromancer (D)
  A cyclops (D)
  An elephant (D)
  A black mamba (D)
  2 smoke demons (D)
  A cane toad (D)
  An ice devil (D)
  A komodo dragon (D)
  2 yaktaurs (D)
  Grinder (D)
  2 hellwings (D)
  A polar bear (D)
  3 hornets (D)
  4 dream sheep (D)
  2 blink frogs (D)
  A jumping spider (D)
  A wraith (D)
  A vampire (D)
  A basilisk (D)
  8 yaks (D)
  2 ynoxinuls (D)
  A redback (D)
  A steam dragon (D)
  A warg (D)
  An acid dragon (D)
  2 black bears (D)
  An orc warrior (D)
  A sky beast (D)
  7 wolves (D)
  A phantom (D)
  A necrophage (D)
  2 scorpions (D)
  A jelly (D)
  A gnoll bouda (D)
  3 iguanas (D)
  Terence (D)
  A hell rat (D)
  3 gnolls (D)
  An ufetubus (D)
  An adder skeleton (D)
  2 adder zombies (D)
  An orc (D)
  A ball python (D)
  2 endoplasms (D)
  A hobgoblin (D)
  4 jackals (D)
  A ball python simulacrum (D)
  A frilled lizard (D)
102 creatures vanquished.

Vanquished Creatures (collateral kills)
  A nagaraja (D)
  A war gargoyle (D)
  A hydra (D)
  A boulder beetle (D)
  A manticore (D)
  2 guardian serpents (D)
  An efreet (D)
  A tyrant leech (D)
  A blink frog (D)
  A basilisk (D)
  A neqoxec (D)
  A steam dragon (D)
  A bat (D)
14 creatures vanquished.

Grand Total: 116 creatures vanquished

Notes
Turn   | Place    | Note
-------+----------+-------------------------------------------
     0 | D        | sircluck the Troll Berserker began the quest for the Orb.
     0 | D        | Reached XP level 1. HP: 22/22 MP: 0/0
    26 | D        | Noticed a sea snake
    50 | D        | Killed a sea snake
    51 | D        | Reached skill level 9 in Unarmed Combat
    51 | D        | Reached XP level 2. HP: 41/41 MP: 1/1
    51 | D        | Reached XP level 3. HP: 48/48 MP: 2/2
    51 | D        | Reached XP level 4. HP: 57/57 MP: 3/3
    51 | D        | Reached XP level 5. HP: 63/63 MP: 4/4
    51 | D        | Reached XP level 6. HP: 72/72 MP: 5/5
    51 | D        | Reached XP level 7. HP: 79/79 MP: 6/6
   239 | D        | Reached ** piety under Trog
   248 | D        | Found a bloodstained altar of Trog.
   248 | D        | Found a shimmering blue altar of Sif Muna.
   248 | D        | Found a viscous altar of Jiyva.
   248 | D        | Found a hazy altar of Hepliaklqana.
   248 | D        | Found an opulent altar of Gozag.
   249 | D        | Found a glowing golden altar of the Shining One.
   249 | D        | Found a glowing silver altar of Zin.
   249 | D        | Found a basalt altar of Yredelemnul.
   249 | D        | Found a shimmering altar of Xom.
   249 | D        | Found an ornate altar of the Wu Jian Council.
   249 | D        | Found a sacrificial altar of Ru.
   249 | D        | Found a stormy altar of Qazlal.
   249 | D        | Found an iron altar of Okawaru.
   249 | D        | Found a sparkling altar of Nemelex Xobeh.
   249 | D        | Found a burning altar of Makhleb.
   249 | D        | Found a blossoming altar of Fedhas.
   249 | D        | Found a white marble altar of Elyvilon.
   249 | D        | Found a shadowy altar of Dithmenos.
   249 | D        | Found a snail-covered altar of Cheibriados.
   251 | D        | Found a radiant altar of Vehumet.
   251 | D        | Found a corrupted altar of Lugonu.
   252 | D        | Found a hide-covered altar of Uskayaw.
   252 | D        | Found an ancient bone altar of Kikubaaqudgha.
   252 | D        | Found a broken altar of Ashenzari.
   326 | D        | Reached *** piety under Trog
   340 | D        | Reached **** piety under Trog
   391 | D        | Noticed Terence
   391 | D        | Noticed Grinder
   401 | D        | Killed Grinder
   402 | D        | Reached skill level 10 in Unarmed Combat
   419 | D        | Reached ***** piety under Trog
   439 | D        | Killed Terence
   447 | D        | Reached XP level 8. HP: 22/92 MP: 7/7
   656 | D        | Noticed a hellwing
   662 | D        | Killed a hellwing
   662 | D        | Received a gift from Trog
   663 | D        | Reached skill level 11 in Unarmed Combat
   689 | D        | Noticed a boulder beetle
   706 | D        | Killed a shadow wraith
   707 | D        | Reached skill level 10 in Fighting
   707 | D        | Reached skill level 10 in Dodging
   707 | D        | Reached skill level 12 in Unarmed Combat
   707 | D        | Reached XP level 9. HP: 24/102 MP: 8/8
   722 | D        | Killed a boulder beetle
   723 | D        | Reached skill level 13 in Unarmed Combat
   856 | D        | Noticed a manticore
   880 | D        | Noticed a tyrant leech
   884 | D        | Killed a manticore
   892 | D        | Killed a tyrant leech
   908 | D        | Noticed a death yak
   908 | D        | Noticed a bog body
   909 | D        | Received a gift from Trog
   925 | D        | Killed a death yak
   926 | D        | Reached XP level 10. HP: 46/115 MP: 9/9
   928 | D        | Killed a bog body
   929 | D        | Reached skill level 14 in Unarmed Combat
   953 | D        | Received a gift from Trog
  1017 | D        | Noticed a deep elf pyromancer
  1021 | D        | Noticed a boulder beetle
  1022 | D        | Killed a deep elf pyromancer
  1023 | D        | Noticed an elephant
  1026 | D        | Killed an elephant
  1027 | D        | Reached skill level 15 in Unarmed Combat
  1037 | D        | Killed a boulder beetle
  1143 | D        | Reached ****** piety under Trog
  1143 | D        | Noticed a deep troll
  1151 | D        | Received a gift from Trog
  1158 | D        | Killed a deep troll
  1159 | D        | Reached XP level 11. HP: 74/127 MP: 10/10
  1214 | D        | Noticed a sea snake
  1229 | D        | Killed a sea snake
  1230 | D        | Reached skill level 16 in Unarmed Combat
  1234 | D        | Received a gift from Trog
  1341 | D        | Received a gift from Trog
  1460 | D        | Received a gift from Trog
  1493 | D        | Noticed a five-headed hydra
  1611 | D        | Reached skill level 17 in Unarmed Combat
  1613 | D        | Killed a seven-headed hydra
  1615 | D        | Noticed a demonic crawler
  1621 | D        | Received a gift from Trog
  1630 | D        | HP: 4/131 [demonic crawler (15)]
  1797 | D        | Killed a demonic crawler
  1798 | D        | Reached skill level 15 in Fighting
  2257 | D        | Noticed a two-headed ogre
  2277 | D        | Killed a two-headed ogre
  2278 | D        | Reached skill level 15 in Dodging
  2340 | D        | Received a gift from Trog
  2382 | D        | Paralysed by a hornet for 2 turns
  2451 | D        | Noticed a seven-headed hydra
  2491 | D        | Killed an 11-headed hydra
  2492 | D        | Reached XP level 12. HP: 70/143 MP: 11/11
  2641 | D        | Noticed a war gargoyle
  2641 | D        | Noticed a bone dragon
  2641 | D        | Noticed a great orb of eyes
  2641 | D        | Noticed Nessos
  2657 | D        | Killed a war gargoyle
  2658 | D        | Reached skill level 18 in Unarmed Combat
  2671 | D        | Killed a bone dragon
  2676 | D        | Killed a great orb of eyes
  2679 | D        | Killed Nessos
  2680 | D        | Received a gift from Trog
  2796 | D        | Got the ring "Ful Piqumy" {Drain rElec rCorr Slay+4}
  2804 | D        | Got the +0 robe "Luaxeonwa" {rElec Str+4}
  2832 | D        | Noticed a great orb of eyes
  2834 | D        | Noticed a green death
  2837 | D        | Killed a great orb of eyes
  2838 | D        | Reached skill level 19 in Unarmed Combat
  2838 | D        | Noticed a demonic crawler
  2842 | D        | Killed a demonic crawler
  2852 | D        | Killed a green death
  2852 | D        | Received a gift from Trog
  2856 | D        | Noticed a seven-headed hydra
  2856 | D        | Noticed a nagaraja
  2907 | D        | Received a gift from Trog
  2909 | D        | Killed a seven-headed hydra
  2915 | D        | Killed a nagaraja
  2945 | D        | Noticed a vampire knight
  2967 | D        | Identified the +2 short sword of Fimbulwinter {flame, rPois
                  | rC++ Str+2} (Trog gifted it to you in the Dungeon)
  2967 | D        | Received a gift from Trog
  2971 | D        | Reached skill level 20 in Unarmed Combat
  2971 | D        | Reached XP level 13. HP: 93/156 MP: 12/12
  2972 | D        | Shot with an arrow by a vampire knight

Illustrated notes

Levels and vault maps discovered:
D:        pitsprint [storerooms_1, entrance_room_1, metal_vault_3, armoury_1,
          mini_pit_1, grid_room_1, main_hall_1, silver_pit, the_coven_2,
          the_vestibule_1, steel_vault_3, golden_pit, hallway_of_sentries,
          crystal_vault_3, iron_vault_4, final_vault]

Skill      XL: |  1  2  3  4  5  6  7  8  9 10 11 12 |
---------------+-------------------------------------+-----
Fighting       | 7 9 10 12 13 15 17 | 17.3
Dodging        | 7 9 10 11 13 15 17 | 17.1
Unarmed Combat | 9 10 12 13 15 17 20 | 20.0

Action                     |  1- 3 |  4- 6 |  7- 9 | 10-12 | 13-15 || total
---------------------------+-------+-------+-------+-------+-------++-------
  Melee: Unarmed           |     6 |       |   127 |   213 |       ||   346
         Punch             |       |       |     7 |    20 |       ||    27
 Invoke: Berserk           |     1 |       |     1 |     4 |       ||     6
         Brothers in Arms  |       |       |     2 |     5 |       ||     7
    Use: Potion            |       |       |     3 |    12 |       ||    15
         Scroll            |       |       |       |     6 |       ||     6
   Stab: Invisible         |       |       |       |     2 |       ||     2
 Armour: Animal skin       |     2 |       |    82 |   239 |       ||   323
         Robe              |       |       |       |    39 |     2 ||    41
  Dodge: Dodged            |     2 |       |    75 |   201 |       ||   278
  Block: Other             |       |       |       |    23 |       ||    23
         Reflection        |       |       |       |     1 |       ||     1

Table legend: (Time is in decaauts)
 A = Elapsed time spent in this place.
 B = Non-inter-level travel time spent in this place.
 C = Inter-level travel time spent in this place.
 D = Time resting spent in this place.
 E = Time spent auto-exploring this place.
 F = Levels seen in this place.
 G = Mean time per level.
                   A        B        C        D        E       F      G
               +--------+--------+--------+--------+--------+-----+--------+
         Total |   2944 |   2848 |     96 |   1100 |    251 |   1 | 2944.0 |
       Dungeon |   2944 |   2848 |     96 |   1100 |    251 |   1 | 2944.0 |
               +--------+--------+--------+--------+--------+-----+--------+

Top non-repeatable levels by time:
       D: 2944 daAuts
